 Dungeon Crawl Stone Soup version 0.29.0-4-gdea44cf6ec (webtiles) character file.

Game seed: 15396402347993840061

126 qw the Chopper (level 5, -7/30 HPs)
             Began as a Tengu Warper on Aug 28, 2022.
             Mangled by an ogre
             ... wielding a +0 giant club
              (27 damage)
             ... on level 3 of the Dungeon.
             The game lasted 00:00:17 (3247 turns).

qw the Chopper (Tengu Warper)                       Turns: 3247, Time: 00:00:18

Health: -7/30      AC:  8    Str: 14    XL:     5   Next: 9%
Magic:  9/9        EV:  7    Int: 13    God:
Gold:   85         SH:  0    Dex: 13    Spells: 8/8 levels left

rFire   . . .      SeeInvis .   Y - +1 hand axe
rCold   . . .      Faith    .   (no shield)
rNeg    . . .      Spirit   .   f - +0 chain mail
rPois   .          Reflect  .   (helmet restricted)
rElec   +          Harm     .   (no cloak)
rCorr   .          Rampage  .   (no gloves)
Will    .....                   (boots unavailable)
Stlth   ..........              c - amulet of Iduepp {Acrobat rElec}
HPRegen 0.10/turn               (no ring)
MPRegen 0.11/turn               (no ring)

@: flying quickly and evasively, quick
A: beak, talons 3, nimble flight
a: no special abilities


You were on level 3 of the Dungeon.
You visited 1 branch of the dungeon, and saw 4 of its levels.

You collected 145 gold pieces.
You spent 60 gold pieces at shops.


Innate Abilities, Weirdness & Mutations

You have a beak for a mouth.
You have claws for feet.
Your magical nature lets you fly swiftly and evasively.


   Skills:
 - Level 2.0 Fighting
 + Level 5.6 Axes
 - Level 1.0 Throwing
 - Level 1.1 Armour
 - Level 2.1 Dodging
 - Level 2.0 Spellcasting
 - Level 2.4 Translocations


You had 8 spell levels left.
You didn't know any spells.
Your spell library contained the following spells:

 Spells                   Type           Power      Damage    Failure   Level
 Blink                    Tloc           14%        N/A       99%         2
 Gell's Gravitas          Tloc           7%         N/A       100%        3
 Lesser Beckoning         Tloc           7%         N/A       100%        3
 Teleport Other           Tloc           7%         N/A       100%        3
 Manifold Assault         Tloc           7%         N/A       100%        5

Inventory:

Hand Weapons
 a - a +0 flail
 Y - a +1 hand axe (weapon)
Missiles
 l - 2 boomerangs (quivered)
Armour
 f - a +0 chain mail (worn)
Jewellery
 c - the amulet of Iduepp (around neck) {Acrobat rElec}
   (You found it on level 2 of the Dungeon)

   [amulet of the acrobat]

   It increases your evasion while moving and waiting.
   rElec:     It insulates you from electricity.
Scrolls
 b - a scroll of identify
Potions
 d - a potion of attraction {unknown}
 e - a potion of might
 g - a potion of curing {unknown}
 h - a potion of mutation {unknown}
 i - a potion of brilliance {unknown}
 j - a potion of berserk rage {unknown}
 k - a potion of heal wounds
 m - a potion of haste
 n - a potion of flight {unknown}

Dungeon Overview and Level Annotations

Branches:
Dungeon (4/15)
 Temple: D:4-7

Altars:
Cheibriados
Qazlal

Shops:
D:2 =?


Message History

The orc shouts!
You hear a shout!
3126 ||| FLEEEEING.
3127 ||| FLEEEEING.
An orc comes into view. It is wielding a +0 hand axe.
The orc shouts!
3128 ||| FLEEEEING.
3129 ||| FLEEEEING.
3130 ||| FLEEEEING.
3131 ||| FLEEEEING.
3132 ||| FLEEEEING.
3133 ||| FLEEEEING.
3134 ||| FLEEEEING.
3135 ||| FLEEEEING.
There is a stone staircase leading up here.
3136 ||| STAIRDANCE You fly upwards.
There is a stone staircase leading down here.
You start resting.
HP restored.
Done exploring.
(D) Dungeon
Where to? (* - list waypoints, Enter - D:4, ? - help)
What level of the Dungeon? (default 1, ? - help)
You fly downwards.
The orc wizard gestures wildly while chanting.
The orc wizard flickers and vanishes!
Deactivating autopickup; reactivate with Ctrl-A.
The ogre hits you with a +0 giant club.
There is a stone staircase leading up here.
3245 ||| STAIRDANCE The orc hits you with a +0 flail.
You fly upwards.
Reactivating autopickup.
There is a stone staircase leading down here.
You hit the ogre. You claw the ogre.
The ogre is moderately wounded.
You hit the orc.
The ogre hits you with a +0 giant club!!
Ouch! That really hurt!
You die...

....# #...# #%######## #.###
###...######## #...(...##
#.#######............# #######.##
..[...............##.# #.##
..#######...[...#.##.#########...
#.# ###....##................
#.#########....#####.#########.#.
#.........#.#..#####.# #...
#..######.#.#..o@O...# #####...
#..# #.#.#.######## #....... #..#
#.#.#.# #.###... #..# #.#.#.# #.#
#... ...######>#...# #.# #)#.
.......#...##.############.###.#.
.#.#................##.........#.
##.#.#.#..........#.......(......
##.#.#.##.#.#.###.......##.#.###.


You could see an ogre and an orc.

Vanquished Creatures
  2 orc wizards
  An adder (D:3)
  2 worms
  4 dart slugs
  4 orcs
  A ball python (D:2)
  7 bats
  2 endoplasms
  2 giant cockroaches (D:1)
  2 goblins
  3 hobgoblins
  4 jackals (D:1)
  4 quokkas
  6 frilled lizards
  4 kobolds
  5 rats
53 creatures vanquished.

Notes
Turn   | Place    | Note
-------+----------+-------------------------------------------
     0 | D:1      | qw the Tengu Warper began the quest for the Orb.
     0 | D:1      | Reached XP level 1. HP: 12/12 MP: 4/4
     0 | D:1      | 0 ||| qw: Version: 0.1-a-89-g26bdef1
     0 | D:1      | 0 ||| qw: Game counter: 71
     0 | D:1      | 0 ||| qw: Always use a shield: true
     0 | D:1      | 0 ||| qw: God list: Okawaru
     0 | D:1      | 0 ||| qw: Allow faded altars: false
     0 | D:1      | 0 ||| qw: Do Orc after D:15 true
     0 | D:1      | 0 ||| qw: Do second Lair branch before Depths: true
     0 | D:1      | 0 ||| qw: Lair rune preference: random
     0 | D:1      | 0 ||| qw: Plans: Normal
     0 | D:1      | 0 ||| PLANNING D:1-11
    41 | D:1      | 41 ||| Stepping ~*~*~tactically~*~*~ (stealth).
    43 | D:1      | 43 ||| Stepping ~*~*~tactically~*~*~ (stealth).
    45 | D:1      | 45 ||| Stepping ~*~*~tactically~*~*~ (stealth).
    69 | D:1      | Reached skill level 3 in Axes
    69 | D:1      | Reached XP level 2. HP: 17/17 MP: 6/6
   901 | D:1      | Reached XP level 3. HP: 18/21 MP: 7/7
  1110 | D:1      | 1110 ||| UPGRADING to +0 chain mail.
  1120 | D:1      | 1120 ||| DROPPING +0 leather armour.
  1121 | D:1      | 1121 ||| READING scroll labelled MYSHRA NARA.
  1122 | D:1      | 1122 ||| READING scroll labelled NIN RANEPAPRU.
  1123 | D:1      | 1123 ||| READING scroll labelled OLAGGI GUKE.
  1124 | D:1      | 1124 ||| DROPPING scroll of blinking.
  1160 | D:2      | HP: 5/21 [hobgoblin (4)]
  1162 | D:2      | Reached skill level 4 in Axes
  1396 | D:2      | Found a faded altar of an unknown god.
  1397 | D:2      | 1397 ||| Stepping ~*~*~tactically~*~*~ (stealth).
  1433 | D:2      | Found Seefyn's Jewellery Boutique.
  1444 | D:2      | 1444 ||| SHOPLISTING +4 ring of evasion (468 gold, have
                  | 53).
  1444 | D:2      | 1444 ||| SHOPLISTING +4 ring of protection (468 gold, have
                  | 53).
  1444 | D:2      | 1444 ||| SHOPLISTING +6 ring of dexterity (468 gold, have
                  | 53).
  1444 | D:2      | 1444 ||| SHOPLISTING +6 ring of strength (468 gold, have
                  | 53).
  1444 | D:2      | 1444 ||| SHOPLISTING amulet of Nesommeu {Harm Regen+
                  | Slay+5} (754 gold, have 53).
  1444 | D:2      | 1444 ||| SHOPLISTING amulet of guardian spirit (390 gold,
                  | have 53).
  1444 | D:2      | 1444 ||| SHOPLISTING amulet of regeneration (390 gold, have
                  | 53).
  1444 | D:2      | 1444 ||| SHOPLISTING amulet of the Bespelling Gods {Acrobat
                  | Fly Dex+6} (672 gold, have 53).
  1444 | D:2      | 1444 ||| SHOPLISTING ring of ice (325 gold, have 53).
  1444 | D:2      | 1444 ||| SHOPLISTING ring of poison resistance (260 gold,
                  | have 53).
  1469 | D:2      | Identified the amulet of Iduepp {Acrobat rElec}
  1521 | D:2      | 1521 ||| Stepping ~*~*~tactically~*~*~ (stealth).
  1616 | D:2      | Found Saucrah's Magic Scroll Boutique.
  1624 | D:2      | 1624 ||| BUYING scroll of identify (24 gold).
  1624 | D:2      | Bought a scroll of identify for 24 gold pieces
  1624 | D:2      | 1624 ||| BUYING scroll of teleportation (36 gold).
  1624 | D:2      | Bought a scroll of teleportation for 36 gold pieces
  1813 | D:2      | 1813 ||| UPGRADING to amulet of Iduepp {Acrobat rElec}.
  1818 | D:2      | 1818 ||| READING scroll labelled FASEBL UPRU BYN.
  1819 | D:2      | 1819 ||| READING scroll labelled SIUPEPP DO DOG.
  1820 | D:2      | 1820 ||| READING 2 scrolls of identify.
  1820 | D:2      | 1820 ||| IDENTIFYING bubbling coppery potion
  1821 | D:2      | 1821 ||| READING scroll of teleportation.
  1834 | D:3      | 1834 ||| STAIRDANCE
  1846 | D:3      | 1846 ||| STAIRDANCE
  1850 | D:2      | HP: 5/21 [orc/+0 flail (3)]
  1851 | D:2      | 1851 ||| DRINKING potion of heal wounds.
  1930 | D:2      | 1930 ||| DROPPING +0 whip.
  1934 | D:3      | 1934 ||| STAIRDANCE
  1960 | D:2      | Reached skill level 5 in Axes
  1960 | D:2      | Reached XP level 4. HP: 14/26 MP: 8/8
  2623 | D:3      | Gained mutation: Your magical nature lets you fly swiftly
                  | and evasively. [Tengu growth]
  2623 | D:3      | Reached XP level 5. HP: 29/30 MP: 9/9
  3014 | D:3      | Found a stormy altar of Qazlal.
  3023 | D:3      | Found a snail-covered altar of Cheibriados.
  3024 | D:3      | 3024 ||| READING scroll labelled UGEPLA VONK.
  3025 | D:3      | 3025 ||| DRINKING 2 fizzy blue potions.
  3026 | D:3      | 3026 ||| READING 2 scrolls of identify.
  3026 | D:3      | 3026 ||| IDENTIFYING clear potion
  3119 | D:4      | 3119 ||| Stepping ~*~*~tactically~*~*~ (stealth).
  3119 | D:4      | Noticed an ogre
  3125 | D:4      | 3125 ||| Stepping ~*~*~tactically~*~*~ (stealth).
  3126 | D:4      | 3126 ||| FLEEEEING.
  3127 | D:4      | 3127 ||| FLEEEEING.
  3128 | D:4      | 3128 ||| FLEEEEING.
  3129 | D:4      | 3129 ||| FLEEEEING.
  3130 | D:4      | 3130 ||| FLEEEEING.
  3131 | D:4      | 3131 ||| FLEEEEING.
  3132 | D:4      | 3132 ||| FLEEEEING.
  3133 | D:4      | 3133 ||| FLEEEEING.
  3134 | D:4      | 3134 ||| FLEEEEING.
  3135 | D:4      | 3135 ||| FLEEEEING.
  3136 | D:4      | 3136 ||| STAIRDANCE
  3245 | D:4      | 3245 ||| STAIRDANCE
  3247 | D:3      | Mangled by an ogre

Levels and vault maps discovered:
D:1:      evilmike_arrival_rings, layout_basic
D:2:      layout_rooms, ebering_ecumenical_altar_hall, serial_shops,
          nicolae_shop_stone, shop, minmay_3d_cube
D:3:      layout_loops_ring, mainiacjoe_overflow_swirl
D:4:      layout_basic, kennysheep_little_box, serial_rivers,
          chequers_serial_rivers_small_3, chequers_serial_rivers_micro_d,
          chequers_serial_rivers_marsh, chequers_serial_rivers_room_b,
          chequers_serial_rivers_micro_a

Skill      XL: |  1  2  3 |
---------------+----------+-----
Axes           | 3 5 |  5.6
Fighting       | |  2.0
Throwing       | |  1.0
Armour         | |  1.1
Dodging        | |  2.1
Spellcasting   | |  2.0
Translocations | |  2.4

Action                   |  1- 3 |  4- 6 || total
-------------------------+-------+-------++-------
Melee: Hand axe          |   106 |    37 ||   143
       Kick              |    20 |     6 ||    26
       Peck              |    11 |     6 ||    17
       Punch             |     1 |       ||     1
Throw: Boomerang         |     7 |     6 ||    13
  Use: Scroll            |     7 |     2 ||     9
       Potion            |     1 |     1 ||     2
Armor: Leather armour    |    16 |       ||    16
       Chain mail        |    49 |    12 ||    61
Dodge: Dodged            |    52 |     9 ||    61

Table legend:
 A = Non-vault XP
 B = Vault XP
 C = Vault XP percentage of total XP
 D = Non-vault monster count
 E = Vault monster count
 F = Vault count percentage of total count
                 A         B        C        D         E       F
            +---------+---------+-------+---------+---------+-------
      Total |     173 |       7 |   3.9 |      50 |       3 |   5.7
            +---------+---------+-------+---------+---------+-------
        D:1 |      37 |       0 |   0.0 |      21 |       0 |   0.0
        D:2 |      70 |       7 |   9.1 |      18 |       3 |  14.3
        D:3 |      61 |       0 |   0.0 |       9 |       0 |   0.0
        D:4 |       5 |       0 |   0.0 |       2 |       0 |   0.0
            +---------+---------+-------+---------+---------+-------
